 Dungeon Crawl Stone Soup version 0.22.1-1-ga44c0e5 (webtiles) character file.

104871 lifenoodles the Bludgeoner (level 15, -13/161 HPs)
             Began as a Minotaur Berserker on Sept 16, 2018.
             Was the Champion of Trog.
             Blown up by an orb spider (47 damage)
             ... with an orb of destruction
             ... on level 4 of the Spider Nest on Sept 23, 2018.
             The game lasted 03:50:04 (30347 turns).

lifenoodles the Bludgeoner (Minotaur Berserker)    Turns: 30347, Time: 03:50:05

Health: -13/161    AC: 23    Str: 25    XL:     15   Next: 93%
Magic:  0/6        EV: 10    Int:  4    God:    Trog [******]
Gold:   1926       SH:  6    Dex: 13    Spells: 14/14 levels left

rFire    + . .     SeeInvis .   a - +2 morningstar (antimagic)
rCold    + . .     Gourm    .   C - +1 buckler "Igofea" {rElec}
rNeg     . . .     Faith    .   Z - +1 gold dragon scales
rPois    +         Spirit   +   (helmet unavailable)
rElec    +         Reflect  .   j - scarf {Spirit}
rCorr    .         Harm     .   (no gloves)
MR       ++...                  N - +1 pair of boots
Stlth    ..........             T - amulet of the acrobat
HPRegen  0.36/turn              w - ring of protection from magic
MPRegen  0.10/turn              m - ring of poison resistance

@: lethally poisoned (-13 -> -16), berserk cooldown, slowed, very slow
A: retaliatory headbutt, horns 3, robust 1, MP-powered wands
a: Berserk, Trog's Hand, Brothers in Arms, Renounce Religion


You were on level 4 of the Spider Nest.
You worshipped Trog.
Trog was exalted by your worship.
You were very hungry.

You visited 4 branches of the dungeon, and saw 21 of its levels.
You also visited: Ice Cave.

You collected 2145 gold pieces.
You spent 219 gold pieces at shops.

Inventory:

Hand Weapons
 a - a +2 antimagic morningstar (weapon)
 b - the +6 hunting sling of the Butterfly {freeze, rF+}
   (You found it on level 9 of the Dungeon)

   It causes projectiles fired from it to freeze those they strike, causing
   extra injury to most foes and up to half again as much damage against
   particularly susceptible opponents.
   They can also slow down cold-blooded creatures.
   It protects you from fire.
 V - the +5 dire flail of Magnificence {venom, MR+ SInv}
   (You took it off an orc warrior on level 8 of the Dungeon)

   It poisons the flesh of those it strikes.
   It affects your resistance to hostile enchantments.
   It lets you see invisible.
Missiles
 t - 283 arrows
 I - 84 sling bullets
 R - 16 javelins (quivered)
Armour
 j - a scarf of spirit shield (worn)
 C - the +1 buckler "Igofea" (worn) {rElec}
   (You acquired it on level 9 of the Dungeon)

   It insulates you from electricity.
 N - a +1 pair of boots (worn)
 Z - +1 gold dragon scales (worn)
Jewellery
 m - a ring of poison resistance (right hand)
 w - a ring of protection from magic (left hand)
 x - an uncursed ring of positive energy
 A - an uncursed ring of flight
 D - a +3 ring of dexterity {unknown}
 J - an uncursed ring of ice
 T - an amulet of the acrobat (around neck)
Wands
 c - a wand of polymorph (10)
 k - a wand of iceblast (7)
 y - a wand of digging (46)
 G - a wand of flame (50)
 H - a wand of enslavement (19)
 M - a wand of random effects (40)
 O - a wand of clouds (4)
 P - a wand of acid (15)
 S - a wand of paralysis (36)
 U - a wand of disintegration (34)
 X - a wand of scattershot (4)
Scrolls
 g - 8 scrolls of remove curse
 h - 13 scrolls of teleportation
 r - 2 scrolls of fear
 s - 3 scrolls of blinking
 E - 3 scrolls of fog
 F - 2 scrolls of enchant armour
 L - 4 scrolls of identify
 Q - a scroll of silence
 W - 4 scrolls of magic mapping
Potions
 d - a potion of might
 f - 2 potions of ambrosia
 i - 10 potions of curing
 l - 4 potions of resistance
 n - 3 potions of haste
 o - 5 potions of brilliance
 p - 5 potions of agility
 q - 2 potions of heal wounds
 u - 7 potions of flight
 v - 4 potions of lignification
 z - 3 potions of mutation
 B - a potion of cancellation
Miscellaneous
 e - a lamp of fire
Comestibles
 K - 37 rations


   Skills:
 + Level 17.0 Fighting
 + Level 17.5 Maces & Flails
 + Level 6.3(6.6) Slings
   Level 2.1 Bows
 + Level 2.2(4.3) Throwing
 + Level 14.9 Armour
 + Level 9.5 Dodging
 + Level 6.9 Stealth
 + Level 5.0 Shields
 + Level 6.0 Evocations


You had 14 spell levels left.
You didn't know any spells.
Your spell library contained the following spells:

 Spells                   Type           Power        Failure   Level  Hunger
 Corona                   Hex            #......      100%        1    ##.....
 Flame Tongue             Conj/Fire      #....        100%        1    ##.....
 Sting                    Conj/Pois      #...         100%        1    ##.....
 Blink                    Tloc           N/A          100%        2    ###....
 Poisonous Vapours        Pois/Air       #.....       100%        2    ###....
 Shroud of Golubria       Chrm/Tloc      #.........   100%        2    ###....
 Slow                     Hex            #.......     100%        2    ###....
 Throw Flame              Conj/Fire      #.....       100%        2    ###....
 Conjure Flame            Conj/Fire      #.......     100%        3    ####...
 Gell's Gravitas          Tloc           #.........   100%        3    ####...
 Inner Flame              Hex/Fire       #.......     100%        3    ####...
 Lesser Beckoning         Tloc           #.........   100%        3    ####...
 Mephitic Cloud           Conj/Pois/Air  #.......     100%        3    ####...
 Portal Projectile        Hex/Tloc       #.....       100%        3    ####...
 Teleport Other           Tloc           #.......     100%        3    ####...
 Cause Fear               Hex            #.........   100%        4    #####..
 Leda's Liquefaction      Hex/Erth       #.........   100%        4    #####..
 Olgreb's Toxic Radiance  Pois           #.......     100%        4    #####..
 Passage of Golubria      Tloc           N/A          100%        4    #####..
 Sticky Flame             Conj/Fire      #.......     100%        4    #####..
 Fireball                 Conj/Fire      #.........   100%        5    ######.
 Silence                  Hex/Air        #.........   100%        5    ######.
 Venom Bolt               Conj/Pois      #.........   100%        5    ######.
 Yara's Violent Unravell  Hex/Tmut       #.........   100%        5    ######.
 Deflect Missiles         Chrm/Air       #.........   100%        6    #######
 Discord                  Hex            #.........   100%        8    #######


Dungeon Overview and Level Annotations

Branches:
Dungeon (10/15)            Temple (1/1) D:5            Lair (6/6) D:10
  Swamp (0/4) Lair:2       Spider (4/4) Lair:2        Slime (0/5) Lair:5
    Orc: D:9-12

Altars:
Ashenzari
Cheibriados
Dithmenos
Elyvilon
Fedhas
Gozag
Hepliaklqana
Kikubaaqudgha
Makhleb
Nemelex Xobeh
Okawaru
Qazlal
Ru
Sif Muna
Trog
Uskayaw
Vehumet
Wu Jian
Xom
Yredelemnul
Zin
The Shining One
Beogh
Jiyva

Shops:
D:4 (:!(   D:5 *   D:7 [

Portals:
Trove: D:10 (give +6 ice dragon scales)


Innate Abilities, Weirdness & Mutations

You reflexively headbutt those who attack you in melee.
You have a pair of large horns on your head.
You are robust. (+10% HP)
You expend magic power (3 MP) to strengthen your wands.


Message History

You feel sick.
Throwing (i - inventory)
R - 17 javelins (quivered)
Press: ? - help, Shift-Dir - straight line, f - orb spider
Aim: an orb spider (lightly wounded, fully charged)
You throw a javelin. The javelin hits the orb spider!!
The orb spider is heavily wounded.
You feel sick.
The orb spider weaves a glowing orb of energy.
An orb of destruction comes into view.
You feel sick.
You enter the shallow water.
Moving in this stuff is going to be slow.
You feel sick. The orb of destruction hits you!
* * * LOW HITPOINT WARNING * * *
The orb spider spins a strand of pure energy.
The orb spider weaves a glowing orb of energy.
An orb of destruction comes into view.
You feel sick.
You feel much better.
You feel sick. The orb of destruction hits you!
You die...

#.....##...^#
##≈...≈###..##
####≈≈.(≈.###..#
####≈≈≈≈..(.# #..##
.^....s.s.≈####..≈#
.....≈..#§.≈.#...≈#
###..####.§.......## ##
######§§.....^#
##########.#####@......#
...##.......#.....#...##
.................###...#
....##.................#
..#.#......#.....#.....##
#......###.....#.##...#.#
#....####...#....†.....##
##....##......##.......#
###.####...#.##....#..##


You could see an orb spider.

Vanquished Creatures
  Kirke (Lair:4)
  A ghost moth (Spider:1)
  5 emperor scorpions
  2 very ugly things (IceCv)
  5 entropy weavers
  The ghost of kalagan the Thaumaturge, a journeyman DEFE of Vehumet (Spider:1)
  2 dire elephants (Lair:6)
  A spark wasp (Spider:4)
  The ghost of Gamout the Carver, a journeyman GnWn of Gozag (Lair:2)
  Josephine (Lair:6)
  3 catoblepae (Lair:6)
  6 hydras
  A two-headed ogre (D:10)
  A queen ant (Spider:1)
  The ghost of yogakurto the Covert, a novice OpFi of Nemelex Xobeh (D:8)
  Sonja (Lair:4)
  An unseen horror (Spider:1)
  A lindwurm (Lair:6)
  4 oklob plants (Lair:2)
  13 orb spiders
  An ugly thing (D:9)
  10 wolf spiders
  A moth of wrath (Spider:4)
  2 manticores (Lair:6)
  11 elephants (Lair:6)
  A torpor snail (Lair:6)
  5 ice statues (IceCv)
  6 rime drakes
  3 black mambas (Lair:6)
  11 spiny frogs
  A kobold demonologist (D:7)
  5 demonic crawlers
  5 komodo dragons
  2 anaconda simulacra (IceCv)
  The ghost of poxu the Stinger, an amateur NaVM (D:4)
  33 jumping spiders
  Prince Ribbit (D:8)
  10 polar bears (Lair:6)
  A troll (D:9)
  8 blink frogs
  2 tyrant leeches (Lair:2)
  7 hippogriffs
  3 raiju (Lair:6)
  4 slime creatures (Lair:2)
  10 dream sheep
  14 tarantellas
  4 wraiths
  42 redbacks
  A human (D:7)
  2 wyverns (Lair:5)
  A dire elephant simulacrum (IceCv)
  5 hogs
  2 basilisks
  34 yaks
  Eustachio (D:6)
  A steam dragon (Lair:5)
  A swamp worm (Lair:2)
  2 harpy simulacra (IceCv)
  An iron troll simulacrum (IceCv)
  6 wargs (Lair:6)
  3 soldier ants (Spider:1)
  12 hell hounds (Lair:6)
  5 water moccasins
  3 hydra simulacra (IceCv)
  3 orc warriors
  10 porcupines
  A sky beast (D:5)
  10 ice beasts
  3 ogres
  14 black bears
  2 necrophages
  4 phantoms
  5 centaurs
  48 wolves
  11 crocodiles
  14 bullfrogs
  4 scorpions
  14 killer bees
  4 howler monkeys
  A centaur zombie (D:7)
  3 crimson imps
  A bullfrog skeleton (D:6)
  4 hounds
  6 jellies
  9 orc priests
  A gnoll shaman (D:9)
  Crazy Yiuf (D:7)
  5 iguanas
  11 worker ants
  8 orc wizards
  A howler monkey zombie (D:8)
  3 worker ant zombies
  A howler monkey skeleton (D:9)
  3 gnolls (D:9)
  18 adders
  5 shadow imps
  2 oozes (D:2)
  An adder skeleton (D:9)
  3 worms
  5 dart slugs
  8 leopard geckos
  32 orcs
  7 giant cockroaches
  4 goblins
  5 hobgoblins
  7 jackals
  7 kobolds
  A ball python (D:1)
  A ball python skeleton (D:3)
  9 bats
  11 frilled lizards
  2 jackal skeletons (D:3)
  A jackal zombie (D:7)
  2 leopard gecko zombies
  A quokka skeleton (D:5)
  A quokka zombie (D:7)
  7 rats
  A butterfly (Lair:6)
  4 fungi
  4 plants
  A withered plant (D:3)
691 creatures vanquished.

Vanquished Creatures (collateral kills)
  A deep elf mage (D:9)
  A komodo dragon (Lair:6)
  A slime creature (D:9)
  A dream sheep (Lair:6)
  A hippogriff (D:9)
  2 redbacks (Spider:2)
  3 yaks (D:9)
  A water moccasin (D:9)
  An acid dragon (D:9)
  An ogre (D:9)
  2 crocodiles (Lair:1)
  A bullfrog (Lair:6)
  A bullfrog skeleton (D:9)
17 creatures vanquished.

Vanquished Creatures (others)
  2 humans (Lair:4)
  A water moccasin (Lair:4)
  A wolf (Lair:4)
  An electric eel (Lair:4)
  An adder (D:4)
  14 fungi
  23 plants
43 creatures vanquished.

Grand Total: 751 creatures vanquished

Notes
Turn   | Place    | Note
-------+----------+-------------------------------------------
     0 | D:1      | lifenoodles the Minotaur Berserker began the quest for the
                  | Orb.
     0 | D:1      | Reached XP level 1. HP: 19/19 MP: 0/0
   251 | D:1      | Reached XP level 2. HP: 20/27 MP: 1/1
   672 | D:1      | Reached ** piety under Trog
   750 | D:1      | Reached XP level 3. HP: 33/33 MP: 2/2
  1685 | D:2      | Reached XP level 4. HP: 41/41 MP: 3/3
  1716 | D:2      | Found a shadowy altar of Dithmenos.
  1726 | D:2      | Found a hazy altar of Hepliaklqana.
  1747 | D:2      | Found an ancient bone altar of Kikubaaqudgha.
  1757 | D:2      | Found an opulent altar of Gozag.
  2352 | D:3      | Reached skill level 1 in Stealth
  2689 | D:3      | Reached XP level 5. HP: 38/47 MP: 4/4
  2958 | D:3      | Found a snail-covered altar of Cheibriados.
  2959 | D:3      | Found an iron altar of Okawaru.
  3095 | D:4      | Reached skill level 5 in Maces & Flails
  3225 | D:4      | Reached *** piety under Trog
  3465 | D:4      | Found a runed door.
  3475 | D:4      | Noticed poxu's ghost (amateur NaVM)
  3766 | D:4      | Found Medum's Distillery.
  3771 | D:4      | Found Dusywn's Weapon Emporium.
  3772 | D:4      | Found Daqiatiz's Weapon Emporium.
  3773 | D:4      | Found Kullem's Book Emporium.
  3777 | D:4      | Bought a potion of degeneration for 12 gold pieces
  3777 | D:4      | Bought a potion of might for 48 gold pieces
  3792 | D:4      | Bought a +1 great mace of protection for 148 gold pieces
  3983 | D:4      | Killed poxu's ghost
  3983 | D:4      | Reached skill level 5 in Fighting
  3983 | D:4      | Reached skill level 1 in Throwing
  3983 | D:4      | Reached XP level 6. HP: 23/56 MP: 5/5
  4846 | D:5      | Entered Level 5 of the Dungeon
  4848 | D:5      | Upgraded the game from 0.22.0-75-g3901e79 to
                  | 0.22.0-78-g6c94d2c
  4853 | D:5      | Found a staircase to the Ecumenical Temple.
  5024 | D:5      | Reached XP level 7. HP: 47/61 MP: 6/6
  5169 | D:5      | Found a sacrificial altar of Ru.
  5206 | D:5      | Found Ufukloschu's General Store.
  5221 | D:5      | Bought a potion of degeneration for 11 gold pieces
  5663 | D:5      | Found a deep blue altar of Sif Muna.
  5952 | D:6      | Found a sparkling altar of Nemelex Xobeh.
  6183 | D:6      | Reached XP level 8. HP: 69/71 MP: 7/7
  6432 | D:6      | Reached **** piety under Trog
  6698 | D:6      | Noticed Eustachio
  6707 | D:6      | Killed Eustachio
  6707 | D:6      | Reached skill level 1 in Bows
  6707 | D:6      | Reached skill level 5 in Dodging
  7194 | D:7      | Gained mutation: You have a pair of large horns on your
                  | head. [potion of mutation]
  7194 | D:7      | Gained mutation: You expend magic power (3 MP) to
                  | strengthen your wands. [potion of mutation]
  7194 | D:7      | Gained mutation: You are robust. (+10% HP) [potion of
                  | mutation]
  7386 | D:7      | Found Pixaxiul's Armour Shop.
  7402 | D:7      | Reached skill level 5 in Armour
  7453 | D:7      | Found a stormy altar of Qazlal.
  7798 | D:7      | Found a transporter.
  7799 | D:7      | Noticed a kobold demonologist
  7802 | D:7      | Found a transporter.
  7817 | D:7      | Reached skill level 10 in Maces & Flails
  7820 | D:7      | Reached XP level 9. HP: 83/86 MP: 6/8
  7899 | D:7      | Killed a kobold demonologist
  8150 | D:7      | Reached skill level 1 in Evocations
  8924 | D:7      | Found a runed door.
  8928 | D:7      | Noticed Crazy Yiuf
  8931 | D:7      | Killed Crazy Yiuf
  9199 | D:8      | Reached XP level 10. HP: 82/97 MP: 6/10
  9217 | D:8      | Reached ***** piety under Trog
  9244 | D:8      | Found a runed gate.
  9245 | D:8      | Noticed yogakurto's ghost (novice OpFi)
  9247 | D:8      | Found a runed gate.
  9248 | D:8      | Found a runed gate.
  9248 | D:8      | Found a roughly hewn altar of Beogh.
  9250 | D:8      | Found the +2 hat of the Bear Spirit {Spirit, +Rage rN+
                  | MR++}
  9314 | D:8      | Killed yogakurto's ghost
  9338 | D:8      | Got a faintly glowing dire flail {venom}
  9443 | D:8      | Identified the +5 dire flail of Magnificence {venom, MR+
                  | SInv} (You took it off an orc warrior on level 8 of the
                  | Dungeon)
  9479 | D:8      | Noticed Prince Ribbit
  9493 | D:8      | Killed Prince Ribbit
  9633 | D:8      | Found an ornate altar of the Wu Jian Council.
  9852 | D:9      | Identified a scroll of acquirement
  9853 | D:9      | Got a bloodstained buckler
  9860 | D:9      | Identified the +1 buckler "Igofea" {rElec} (You acquired it
                  | on level 9 of the Dungeon)
 10012 | D:9      | Received a gift from Trog
 10052 | D:9      | Noticed a deep elf mage
 10055 | D:9      | Killed a deep elf mage
 10280 | D:9      | Noticed a purple ugly thing
 10283 | D:9      | Killed a purple ugly thing
 10283 | D:9      | Reached XP level 11. HP: 106/106 MP: 3/11
 10294 | D:9      | Identified the Compendium of the Frostbite and the Voyage
 10312 | D:9      | Got an iridescent hunting sling
 10313 | D:9      | Identified the +6 hunting sling of the Butterfly {freeze,
                  | rF+} (You found it on level 9 of the Dungeon)
 10330 | D:9      | Got a scorched halberd
 10947 | D:9      | Identified the +8 halberd of Forgiveness {protect, rPois
                  | Int+10} (You found it on level 9 of the Dungeon)
 11265 | D:10     | Entered Level 10 of the Dungeon
 11478 | D:10     | Found a staircase to the Lair.
 11583 | D:10     | Noticed a two-headed ogre
 11587 | D:10     | Killed a two-headed ogre
 11708 | D:10     | Found a portal to a secret trove of treasure.
 12067 | Lair:1   | Entered Level 1 of the Lair of Beasts
 12067 | Lair:1   | Noticed a seven-headed hydra
 12074 | Lair:1   | Reached skill level 10 in Fighting
 12075 | Lair:1   | Killed a seven-headed hydra
 12309 | Lair:1   | Got a heavily runed ring mail
 12415 | Lair:1   | Received a gift from Trog
 12507 | Lair:1   | Reached skill level 15 in Maces & Flails
 12992 | Lair:1   | Identified the +4 ring mail "Mojyecai" {*Drain rElec Dex+2
                  | Stlth+} (You found it on level 1 of the Lair of Beasts)
 13000 | Lair:2   | Upgraded the game from 0.22.0-78-g6c94d2c to 0.22.1
 13104 | Lair:2   | Found a staircase to the Swamp.
 13358 | Lair:2   | Noticed a seven-headed hydra
 13367 | Lair:2   | Killed a seven-headed hydra
 13367 | Lair:2   | Reached XP level 12. HP: 121/121 MP: 5/12
 13368 | Lair:2   | Found a runed gate.
 13370 | Lair:2   | Found a runed gate.
 13370 | Lair:2   | Found a runed gate.
 13371 | Lair:2   | Noticed Gamout's ghost (journeyman GnWn)
 13536 | Lair:2   | Found a viscous altar of Jiyva.
 14037 | Lair:2   | Found a hole to the Spider Nest.
 14252 | Lair:2   | Killed Gamout's ghost
 14255 | Lair:2   | Noticed a six-headed hydra
 14266 | Lair:2   | Killed a six-headed hydra
 15007 | Lair:2   | Reached skill level 10 in Armour
 15925 | Lair:3   | Noticed a five-headed hydra
 15938 | Lair:3   | Killed a five-headed hydra
 16430 | Lair:4   | Noticed Kirke
 16437 | Lair:4   | Killed Kirke
 16824 | Lair:4   | Noticed Sonja
 16830 | Lair:4   | Killed Sonja
 16830 | Lair:4   | Reached XP level 13. HP: 122/134 MP: 7/14
 17212 | Lair:4   | Upgraded the game from 0.22.1 to 0.22.1-1-ga44c0e5
 17679 | Lair:5   | Reached skill level 5 in Stealth
 17691 | Lair:5   | Received a gift from Trog
 17872 | Lair:5   | Found a viscous altar of Jiyva.
 17872 | Lair:5   | Found a staircase to the Slime Pits.
 18225 | Lair:6   | Entered Level 6 of the Lair of Beasts
 18947 | Lair:6   | Noticed Josephine
 18954 | Lair:6   | Killed Josephine
 19330 | Lair:6   | Reached XP level 14. HP: 146/146 MP: 16/16
 19536 | Lair:6   | Received a gift from Trog
 19536 | Lair:6   | Reached skill level 15 in Fighting
 19817 | Lair:6   | Reached skill level 1 in Slings
 20285 | Lair:6   | Reached skill level 1 in Shields
 21603 | Temple   | Entered the Ecumenical Temple
 22173 | Spider:1 | Entered Level 1 of the Spider Nest
 22173 | Spider:1 | Found a frozen archway.
 22173 | Spider:1 | Noticed an emperor scorpion
 22178 | IceCv    | Entered an ice cave
 22231 | IceCv    | Noticed a white very ugly thing
 22247 | IceCv    | Killed a white very ugly thing
 23495 | IceCv    | Noticed a white very ugly thing
 23501 | IceCv    | Reached skill level 5 in Evocations
 23510 | IceCv    | Killed a white very ugly thing
 23916 | Spider:1 | Killed an emperor scorpion
 24182 | Spider:1 | Found a runed gate.
 24182 | Spider:1 | Found a runed gate.
 24182 | Spider:1 | Found a runed gate.
 24197 | Spider:1 | Noticed kalagan's ghost (journeyman DEFE)
 24227 | Spider:1 | Killed kalagan's ghost
 24386 | Spider:1 | Killed a ghost moth
 25180 | Spider:1 | Noticed an entropy weaver
 25459 | Spider:1 | Noticed an entropy weaver
 25476 | Spider:1 | Killed an entropy weaver
 25476 | Spider:1 | Reached XP level 15. HP: 158/158 MP: 4/18
 26184 | Spider:2 | Received a gift from Trog
 28324 | Spider:4 | Entered Level 4 of the Spider Nest
 28360 | Spider:4 | Reached skill level 5 in Slings
 29248 | Spider:4 | Reached ****** piety under Trog
 30332 | Spider:4 | Reached skill level 5 in Shields
 30340 | Spider:4 | HP: 2/161 [disintegration (27)]
 30345 | Spider:4 | HP: 8/161 [disintegration (17)]
 30347 | Spider:4 | Blown up by an orb spider

Skill      XL: |  1  2  3  4  5  6  7  8  9 10 11 12 13 14 15 |
---------------+----------------------------------------------+-----
Fighting       | 4 5 6 7 8 9 11 13 14 16 17 | 17.0
Maces & Flails | 4 5 6 7 10 11 14 15 16 17 | 17.5
Dodging        | 3 4 5 6 7 9 |  9.5
Stealth        | 1 2 3 4 6 |  6.9
Throwing       | 1 2 |  2.2
Armour         | 3 4 5 7 8 9 10 11 13 14 | 14.9
Bows           | 1 2 |  2.1
Evocations     | 2 3 4 6 |  6.0
Slings         | 1 6 |  6.3
Shields        | 3 5 |  5.0

Action                   |  1- 3 |  4- 6 |  7- 9 | 10-12 | 13-15 || total
-------------------------+-------+-------+-------+-------+-------++-------
Melee: Mace              |    91 |    92 |       |       |       ||   183
       Headbutt          |    12 |    21 |    33 |   107 |   321 ||   494
       Great mace        |       |    34 |   210 |    36 |       ||   280
       Dire flail        |       |       |       |   435 |   286 ||   721
       Morningstar       |       |       |       |       |   896 ||   896
 Fire: Shortbow          |       |       |    14 |       |       ||    14
       Hunting sling     |       |       |       |     2 |   151 ||   153
Throw: Stone             |    19 |     9 |       |       |       ||    28
       Javelin           |       |       |       |       |    18 ||    18
Invok: Berserk           |     2 |     2 |     5 |     7 |    16 ||    32
       Trog's Hand       |       |       |     2 |     3 |     1 ||     6
       Brothers in Arms  |       |       |       |     3 |     2 ||     5
 Abil: Evoke Flight      |       |     1 |     3 |       |       ||     4
Evoke: Wand              |       |       |     3 |    18 |    84 ||   105
  Use: Scroll            |     6 |     7 |     8 |    16 |     9 ||    46
       Potion            |       |     3 |     7 |     5 |     6 ||    21
 Stab: Sleeping          |     1 |     2 |       |     3 |     5 ||    11
       Distracted        |       |       |       |     1 |     1 ||     2
       Petrified         |       |       |       |       |     3 ||     3
       Petrifying        |       |       |       |       |     1 ||     1
       Paralysed         |       |       |       |       |     1 ||     1
  Eat: Chunk             |     5 |     8 |    19 |    23 |    27 ||    82
       Ration            |       |     1 |       |     3 |     9 ||    13
Armor: Animal skin       |    18 |     3 |       |       |       ||    21
       Leather armour    |       |    19 |     6 |       |       ||    25
       Scale mail        |       |       |    26 |       |       ||    26
       Chain mail        |       |       |    51 |    64 |       ||   115
       Troll leather arm |       |       |       |    21 |       ||    21
       Ring mail         |       |       |       |    37 |    88 ||   125
       Gold dragon scale |       |       |       |       |   746 ||   746
Dodge: Dodged            |    54 |    77 |   110 |   195 |   552 ||   988
Block: Buckler           |       |       |       |       |   230 ||   230
